 Dungeon Crawl Stone Soup version 0.31-a0-188-g5e087ee2ca (webtiles) character file.

Game seed: 10375906840148793857

672 qw the Skirmisher (level 7, -2/40 HPs)
             Began as a Deep Elf Hunter on June 23, 2023.
             Was an Initiate of Okawaru.
             Slain by an orc
             ... wielding a +0 war axe
              (3 damage)
             ... on level 5 of the Dungeon.
             The game lasted 00:02:46 (4925 turns).

qw the Skirmisher (Deep Elf Hunter)                 Turns: 4925, Time: 00:02:47

Health: -2/40      AC:  6    Str: 10    XL:     7   Next: 32%
Magic:  9/9        EV: 11    Int: 14    God:    Okawaru [......]
Gold:   277        SH:  0    Dex: 18    Spells: 6/6 levels left

rFire   . . .        Y - +0 shortbow
rCold   . . .        (shield currently unavailable)
rNeg    . . .        d - +0 ring mail
rPois   .            (no helmet)
rElec   .            (no cloak)
rCorr   .            g - +0 pair of gloves
SInv    .            (no boots)
Will    .....        l - amulet of the acrobat
Stlth   +            (no ring)
HPRegen 0.26/turn    (no ring)
MPRegen 0.11/turn

%: acrobat
@: no status effects
A: no striking features
a: Renounce Religion


You were on level 5 of the Dungeon.
You worshipped Okawaru.
Okawaru was noncommittal.
You visited 1 branch of the dungeon, and saw 5 of its levels.

You collected 277 gold pieces.


   Skills:
 - Level 2.0 Fighting
 + Level 10.7 Ranged Weapons
 - Level 1.9 Armour
 - Level 3.4 Dodging
 - Level 1.2 Stealth


You had 6 spell levels left.
You didn't know any spells.
Your spell library was empty.

Inventory:

Hand Weapons
 Y - a +0 shortbow (weapon)
Armour
 d - a +0 ring mail (worn)
 g - a +0 pair of gloves (worn)
Jewellery
 b - a ring of fire
 l - an amulet of the acrobat (around neck)
Scrolls
 a - a scroll of identify
Potions
 c - a potion of mutation
 e - a potion of might
 f - a potion of attraction {unknown}
 i - a potion of resistance
 j - a potion of lignification {unknown}
 k - a potion of berserk rage {unknown}

Dungeon Overview and Level Annotations

Branches:
Dungeon (5/15)
 Temple: D:4-7

Altars:
Cheibriados
Okawaru
Yredelemnul

Annotations:
D:4 1 runed translucent door, Crazy Yiuf


Message History

Found a stone staircase leading down.
You feel sick.
The orc shouts! x2; The orc wizard shouts!
You hear a shout!
You shoot an arrow.
The arrow hits the orc but does no damage.
You feel sick.
An orc comes into view. It is wielding a +0 war axe.
You shoot an arrow. The arrow barely misses the orc.
You feel sick. The orc hits you with a +0 flail.
You shoot an arrow. The arrow hits the orc.
The orc is moderately wounded.
You feel sick. The orc hits you with a +0 flail.
The orc wizard casts a spell.
The orc wizard flickers and vanishes!
Deactivating autopickup; reactivate with Ctrl-A.
You shoot an arrow. The arrow hits the orc!
You kill the orc!
Okawaru accepts your kill.
You feel sick. The orc hits you but does no damage.
You shoot an arrow. The arrow barely misses the orc.
You feel sick. The orc hits you with a +0 hand axe.
The orc hits you but does no damage.
You shoot an arrow. The arrow barely misses the orc.
You feel sick. The orc hits you with a +0 hand axe.
The orc hits you with a +0 dagger.
You shoot an arrow. The arrow hits the orc!
You kill the orc!
Okawaru accepts your kill.
You feel sick.
You are no longer poisoned.
You shoot an arrow. The arrow barely misses the orc.
The orc hits you but does no damage.
You shoot an arrow. The arrow hits the orc.
The orc is heavily wounded.
The orc hits you but does no damage.
You hear some strange, mumbled words.
A puff of flame appears from out of thin air!
The puff of flame hits you!
You shoot an arrow. The arrow barely misses the orc.
The orc hits you but does no damage. The orc hits you with a +0 war axe.
You die...

#......(
#......
#......
#...... #.#
#....# #..
#....####...
###
#.>o{o......
#..o@#
#....#
#!..<#
#....#
####.# #.#
#.. ###


You could see 3 orcs.

Vanquished Creatures
  Sigmund (D:3)
  2 ogres
  A scorpion (D:4)
  Natasha (D:4)
  2 orc wizards (D:4)
  A gnoll (D:4)
  13 adders
  3 worms
  A dart slug (D:2)
  7 orcs
  10 ball pythons
  5 endoplasms
  4 goblins
  8 hobgoblins
  8 jackals
  8 kobolds
  11 bats
  2 frilled lizards
  4 rats
92 creatures vanquished.

Notes
Turn   | Place    | Note
-------+----------+-------------------------------------------
     0 | D:1      | qw the Deep Elf Hunter began the quest for the Orb.
     0 | D:1      | Reached XP level 1. HP: 12/12 MP: 3/3
     0 | D:1      | 0 ||| qw: Version: 0.3-a-9-g12657ce
     0 | D:1      | 0 ||| qw: Game counter: 4352
     0 | D:1      | 0 ||| qw: Always use a shield: true
     0 | D:1      | 0 ||| qw: God list: Okawaru
     0 | D:1      | 0 ||| qw: Allow faded altars: false
     0 | D:1      | 0 ||| qw: Do Orc after D:15 true
     0 | D:1      | 0 ||| qw: Do second Lair branch before Depths: true
     0 | D:1      | 0 ||| qw: Lair rune preference: random
     0 | D:1      | 0 ||| qw: Plans: Normal
     0 | D:1      | 0 ||| PLANNING D:1-11
   125 | D:1      | Reached skill level 6 in Ranged Weapons
   125 | D:1      | Reached XP level 2. HP: 16/16 MP: 4/4
   391 | D:1      | Reached XP level 3. HP: 20/20 MP: 5/5
   569 | D:1      | 569 ||| UPGRADING to +0 ring mail.
   579 | D:1      | 579 ||| DROPPING +0 leather armour.
   580 | D:1      | 580 ||| READING scroll labelled TUAWEOFIFU.
   581 | D:1      | 581 ||| DROPPING scroll of butterflies.
   642 | D:2      | 642 ||| STAIRDANCE
   745 | D:2      | Reached skill level 7 in Ranged Weapons
   880 | D:2      | 880 ||| FLEEEEING.
   881 | D:2      | 881 ||| FLEEEEING.
   882 | D:2      | 882 ||| FLEEEEING.
   883 | D:2      | 883 ||| FLEEEEING.
   884 | D:2      | 884 ||| FLEEEEING.
   887 | D:2      | 887 ||| FLEEEEING.
   888 | D:2      | 888 ||| FLEEEEING.
   896 | D:2      | Reached XP level 4. HP: 25/25 MP: 6/6
  1263 | D:2      | 1263 ||| UPGRADING to +0 pair of gloves.
  1268 | D:2      | 1268 ||| DROPPING scarf of shadows.
  1269 | D:2      | 1269 ||| READING 2 scrolls labelled FAL WOCHUBAUCILU.
  1321 | D:3      | Reached skill level 8 in Ranged Weapons
  1732 | D:3      | Noticed Sigmund
  1749 | D:3      | HP: 5/25 [Sigmund/+0 scythe (3)]
  1752 | D:3      | 1752 ||| READING 2 scrolls of teleportation.
  1895 | D:3      | Killed Sigmund
  1896 | D:3      | Reached skill level 9 in Ranged Weapons
  1896 | D:3      | Reached XP level 5. HP: 18/29 MP: 7/7
  1896 | D:3      | Reached XP level 6. HP: 21/34 MP: 8/8
  2024 | D:3      | Found a basalt altar of Yredelemnul.
  2078 | D:3      | Found a faded altar of an unknown god.
  2431 | D:3      | HP: 2/35 [orc priest/divine providence (13)]
  2432 | D:3      | 2432 ||| READING scroll of teleportation.
  2622 | D:3      | 2622 ||| READING scroll labelled KONE ITINU.
  2623 | D:3      | 2623 ||| DRINKING 2 fuming blue potions.
  2829 | D:4      | 2829 ||| Stepping ~*~*~tactically~*~*~ (outnumbered).
  2844 | D:4      | Reached skill level 10 in Ranged Weapons
  3038 | D:4      | Reached skill level 3 in Dodging
  3102 | D:4      | Reached skill level 1 in Armour
  3102 | D:4      | Reached XP level 7. HP: 40/40 MP: 9/9
  3167 | D:4      | Found a runed translucent door.
  3168 | D:4      | Noticed Crazy Yiuf
  3290 | D:4      | Noticed Natasha
  3299 | D:4      | Killed Natasha
  3448 | D:4      | Found a snail-covered altar of Cheibriados.
  3734 | D:4      | 3734 ||| Stepping ~*~*~tactically~*~*~ (outnumbered).
  3756 | D:4      | Found an iron altar of Okawaru.
  3757 | D:4      | 3757 ||| PLANNING OKAWARU WORSHIP
  3757 | D:4      | 3757 ||| UPGRADING to amulet of the acrobat.
  3762 | D:4      | 3762 ||| READING scroll labelled JUS MOETHRENIBI.
  3763 | D:4      | 3763 ||| READING scroll labelled YPYTWI VAAVA.
  3864 | D:4      | 3864 ||| READING scroll labelled BIOSEA ULEN.
  3865 | D:4      | 3865 ||| DRINKING 2 sedimented clear potions.
  3866 | D:4      | 3866 ||| DRINKING 2 grey potions.
  3867 | D:4      | 3867 ||| READING 2 scrolls of identify.
  3867 | D:4      | 3867 ||| IDENTIFYING metallic puce potion
  3875 | D:4      | Became a worshipper of Warmaster Okawaru
  3876 | D:4      | 3876 ||| PLANNING D:1-11
  4825 | D:5      | Entered Level 5 of the Dungeon
  4912 | D:5      | HP: 6/40 [scorpion (5)]
  4913 | D:5      | 4913 ||| READING scroll of teleportation.
  4913 | D:5      | HP: 2/40 [scorpion (1)]
  4914 | D:5      | 4914 ||| DRINKING potion of heal wounds.
  4921 | D:5      | HP: 9/40 [orc/+0 dagger (2)]
  4924 | D:5      | HP: 1/40 [something/puff of flame (8)]
  4925 | D:5      | Slain by an orc

Levels and vault maps discovered:
D:1:      giann_forest_graveyard, layout_loops_ring, patterned_corridor
D:2:      layout_rooms, serial_forest, infiniplex_forest_lined_2,
          infiniplex_forest_clump_curved, infiniplex_forest_corner_1,
          infiniplex_forest_lined_ring, infiniplex_forest_clump_small,
          hangedman_abyss_or_decor_lesser_grid
D:3:      minmay_general_purpose_star, layout_loops_corners,
          mainiacjoe_overflow_tiny_flanked, chequers_ecumenical_altar_island,
          kennysheep_orc_chapel, uniq_sigmund
D:4:      old_forge, layout_gridville, cheibriados_altar_1,
          okawaru_altar_gauntlet_db, uniq_crazy_yiuf_cottage, uniq_natasha
D:5:      layout_basic, serial_shops, kennysheep_little_box

Skill      XL: |  1  2  3  4  5  6 |
---------------+-------------------+-----
Ranged Weapons | 6 7 9 10 | 10.7
Fighting       | 2 |  2.0
Dodging        | 3 |  3.4
Armour         | 1 |  1.9
Stealth        | |  1.2

Action                     |  1- 3 |  4- 6 |  7- 9 || total
---------------------------+-------+-------+-------++-------
   Fire: Shortbow          |   101 |   172 |    82 ||   355
    Use: Scroll            |     1 |     4 |     5 ||    10
         Potion            |       |     1 |     3 ||     4
 Armour: Leather armour    |     3 |       |       ||     3
         Ring mail         |     9 |    28 |    15 ||    52
  Dodge: Dodged            |    29 |    48 |    15 ||    92

Table legend:
 A = Non-vault XP
 B = Vault XP
 C = Vault XP percentage of total XP
 D = Non-vault monster count
 E = Vault monster count
 F = Vault count percentage of total count
                 A         B        C        D         E       F
            +---------+---------+-------+---------+---------+-------
      Total |     537 |     424 |  44.1 |      71 |      21 |  22.8
            +---------+---------+-------+---------+---------+-------
        D:1 |      56 |       0 |   0.0 |      26 |       0 |   0.0
        D:2 |      92 |       0 |   0.0 |      16 |       0 |   0.0
        D:3 |      48 |     236 |  83.1 |      13 |       7 |  35.0
        D:4 |     222 |     188 |  45.9 |      13 |      14 |  51.9
        D:5 |     119 |       0 |   0.0 |       3 |       0 |   0.0
            +---------+---------+-------+---------+---------+-------
